[ AOE2 MATCH · #472417973 ]
UnrankedJurchens vs Japanese
[ REPLAY ANALYSIS · EXTRACTED FROM THE RECORDED GAME ]
Feudal
11:47
Castle
17:00
Imperial
35:16
| APM avg | 37.2 |
| APM peak | 80 |
| eAPM avg | 17.6 |
| Villagers / military | 132 / 11 |
Focus
⚔️ 34.8% · 🌾 65.2%
Unknown (1911) ×111 · Iron Pagoda ×8 · Trebuchet (Packed) ×3
Feudal
14:18
Castle
17:57
Imperial
35:18
| APM avg | 26.8 |
| APM peak | 62 |
| eAPM avg | 19.0 |
| Villagers / military | 185 / 180 |
Focus
⚔️ 29.2% · 🌾 70.8%
Spearman ×180
Feudal
13:26
Castle
16:56
Imperial
27:21
| APM avg | 43.3 |
| APM peak | 105 |
| eAPM avg | 30.0 |
| Villagers / military | 122 / 245 |
Focus
⚔️ 20.0% · 🌾 80.0%
Hand Cannoneer ×226 · Trade Cart ×48 · Fishing Ship ×48 · Bombard Cannon ×11 · Skirmisher ×7 · Trebuchet (Packed) ×1
Feudal
12:23
Castle
16:45
Imperial
30:43
| APM avg | 36.3 |
| APM peak | 96 |
| eAPM avg | 22.5 |
| Villagers / military | 144 / 0 |
Focus
⚔️ 23.6% · 🌾 76.4%
Unknown (1944) ×139 · Unknown (1942) ×12 · Trade Cart ×11
Feudal
12:45
Castle
16:56
Imperial
30:50
| APM avg | 28.1 |
| APM peak | 93 |
| eAPM avg | 14.0 |
| Villagers / military | 170 / 34 |
Focus
⚔️ 17.2% · 🌾 82.8%
Spearman ×27 · Battering Ram ×3 · Trebuchet (Packed) ×3 · Militia ×1 · Trade Cart ×1
Feudal
12:22
Castle
15:57
Imperial
29:58
| APM avg | 34.7 |
| APM peak | 70 |
| eAPM avg | 18.0 |
| Villagers / military | 116 / 184 |
Focus
⚔️ 30.7% · 🌾 69.3%
Knight ×78 · Scout Cavalry ×70 · Fishing Ship ×42 · Battering Ram ×31 · Trebuchet (Packed) ×3 · Mangonel ×2
Feudal
11:10
Castle
15:46
Imperial
31:42
| APM avg | 21.7 |
| APM peak | 63 |
| eAPM avg | 13.1 |
| Villagers / military | 154 / 120 |
Focus
⚔️ 21.9% · 🌾 78.1%
Elephant Archer ×108 · Trade Cart ×18 · Armored Elephant ×9 · Mangonel ×2 · Monk ×1
Feudal
11:26
Castle
15:02
Imperial
28:53
| APM avg | 45.3 |
| APM peak | 77 |
| eAPM avg | 29.6 |
| Villagers / military | 117 / 375 |
Focus
⚔️ 37.4% · 🌾 62.6%
Jaguar Warrior ×298 · Battering Ram ×60 · Fishing Ship ×53 · Mangonel ×8 · Trebuchet (Packed) ×7 · Trade Cart ×5
Match map
Initial resources + every placement click. Lines = walls · curves = elevation contours. ◆ gold · ⬟ stone · ● berries · ✦ relic · ◌ wall gap
Your base
KeremS's base· Open — unwalled flank
serkoprime's base· Open — unwalled flank
Wolliwup's base
LM | TornardoBriese's base
KekB_Perce1992's base· Open — unwalled flank
Lynx's base· Open — unwalled flank
LM | MaisterNippon's base
Smoothed initial terrain · ◌ = detected wall gap · hover for details
Inputs per minute
— RenLo - - KeremS
Build order — RenLo
First 150 of 394 actions detected
| 0:01 | Create | Villager (Male) |
| 0:02 | Build | House |
| 0:05 | Build | House |
| 0:25 | Create | Villager (Male) |
| 0:25 | Create | Villager (Male) |
| 0:53 | Research | Loom |
| 0:53 | Create | Villager (Male) |
| 1:29 | Build | Palisade Wall |
| 1:35 | Create | Villager (Male) |
| 1:35 | Create | Villager (Male) |
| 1:44 | Build | Lumber Camp |
| 2:07 | Create | Villager (Male) |
| 2:07 | Create | Villager (Male) |
| 2:12 | Build | Palisade Wall |
| 2:41 | Create | Villager (Male) |
| 3:09 | Research | Loom |
| 3:32 | Create | Villager (Male) |
| 3:57 | Build | Palisade Wall |
| 4:01 | Create | Villager (Male) |
| 4:29 | Build | Mill |
| 4:30 | Create | Villager (Male) |
| 4:57 | Build | House |
| 4:58 | Create | Villager (Male) |
| 4:59 | Create | Villager (Male) |
| 5:27 | Create | Villager (Male) |
| 5:52 | Create | Villager (Male) |
| 6:15 | Create | Villager (Male) |
| 6:36 | Create | Villager (Male) |
| 6:55 | Create | Villager (Male) |
| 6:55 | Create | Villager (Male) |
| 7:24 | Build | House |
| 7:46 | Create | Villager (Male) |
| 8:09 | Build | Mill |
| 8:16 | Create | Villager (Male) |
| 8:16 | Create | Villager (Male) |
| 9:09 | Create | Villager (Male) |
| 9:32 | Research | Feudal Age |
| 10:13 | Build | House |
| 10:43 | Create | Villager (Male) |
| 11:05 | Build | House |
| 11:13 | Build | House |
| 11:24 | Create | Villager (Male) |
| 11:38 | Create | Villager (Male) |
| 11:47 | Age | Feudal Age |
| 12:05 | Build | Market |
| 12:18 | Build | House |
| 12:57 | Build | Mining Camp |
| 12:59 | Create | Villager (Male) |
| 13:23 | Create | Villager (Male) |
| 13:33 | Build | Blacksmith |
| 13:42 | Create | Villager (Male) |
| 14:20 | Research | Castle Age |
| 15:25 | Create | Villager (Male) |
| 15:52 | Build | Mining Camp |
| 15:58 | Build | Farm |
| 16:01 | Build | Farm |
| 16:24 | Build | Farm |
| 16:28 | Build | Farm |
| 16:32 | Build | Farm |
| 16:34 | Research | Double-Bit Axe |
| 16:37 | Research | Horse Collar |
| 16:47 | Build | Barracks |
| 17:00 | Age | Castle Age |
| 17:09 | Research | Bow Saw |
| 17:10 | Create | Villager (Male) |
| 17:24 | Build | Farm |
| 17:36 | Build | Stone Wall |
| 17:38 | Build | Stone Wall |
| 17:41 | Create | Villager (Male) |
| 17:47 | Build | Farm |
| 18:05 | Build | Archery Range |
| 18:13 | Build | Archery Range |
| 18:19 | Create | Villager (Male) |
| 18:26 | Research | Fletching |
| 18:29 | Build | Farm |
| 18:36 | Create | Villager (Male) |
| 19:00 | Create | Unit 1911 |
| 19:05 | Create | Unit 1911 |
| 19:17 | Build | Town Center |
| 19:22 | Create | Villager (Male) |
| 19:30 | Build | Stone Wall |
| 19:35 | Build | Farm |
| 19:37 | Create | Unit 1911 |
| 19:54 | Create | Villager (Male) |
| 20:05 | Build | House |
| 20:06 | Build | House |
| 20:24 | Create | Unit 1911 |
| 20:35 | Create | Unit 1911 |
| 20:43 | Create | Villager (Male) |
| 20:47 | Build | Siege Workshop |
| 21:09 | Create | Villager (Male) |
| 21:19 | Create | Villager (Male) |
| 21:26 | Build | Stone Wall |
| 21:35 | Create | Villager (Male) |
| 21:56 | Build | Farm |
| 21:56 | Create | Villager (Male) |
| 21:59 | Create | Villager (Male) |
| 22:21 | Create | Villager (Male) |
| 22:48 | Create | Villager (Male) |
| 22:58 | Build | Castle |
| 23:02 | Create | Villager (Male) |
| 23:08 | Create | Unit 1911 |
| 23:19 | Build | Siege Workshop |
| 23:20 | Create | Villager (Male) |
| 23:27 | Create | Villager (Male) |
| 23:31 | Build | Farm |
| 23:31 | Build | Farm |
| 23:31 | Build | Farm |
| 23:31 | Build | Farm |
| 23:32 | Build | Farm |
| 23:32 | Build | Farm |
| 23:39 | Build | Farm |
| 23:40 | Build | Farm |
| 23:40 | Build | Farm |
| 23:40 | Build | Farm |
| 23:46 | Create | Villager (Male) |
| 23:46 | Create | Villager (Male) |
| 23:46 | Create | Villager (Male) |
| 24:08 | Build | Farm |
| 24:14 | Research | Bodkin Arrow |
| 24:22 | Create | Villager (Male) |
| 24:25 | Build | Farm |
| 24:31 | Create | Villager (Male) |
| 24:41 | Create | Villager (Male) |
| 24:48 | Build | House |
| 24:56 | Create | Villager (Male) |
| 25:00 | Create | Villager (Male) |
| 25:21 | Build | Lumber Camp |
| 25:29 | Create | Villager (Male) |
| 25:29 | Create | Villager (Male) |
| 25:32 | Create | Unit 1911 |
| 25:32 | Create | Unit 1911 |
| 25:33 | Create | Unit 1911 |
| 25:37 | Create | Villager (Male) |
| 25:38 | Build | House |
| 25:39 | Build | House |
| 25:56 | Create | Villager (Male) |
| 25:59 | Create | Villager (Male) |
| 26:18 | Create | Iron Pagoda |
| 26:26 | Create | Villager (Male) |
| 26:27 | Create | Villager (Male) |
| 26:27 | Research | Wheelbarrow |
| 26:33 | Create | Unit 1911 |
| 26:34 | Create | Unit 1911 |
| 26:35 | Create | Unit 1911 |
| 26:48 | Create | Unit 1911 |
| 26:59 | Build | Archery Range |
| 27:14 | Create | Villager (Male) |
| 27:17 | Create | Unit 1911 |
| 27:17 | Create | Unit 1911 |
Build order — KeremS
First 150 of 507 actions detected
| 0:01 | Create | Villager (Male) |
| 0:01 | Create | Villager (Male) |
| 0:03 | Build | House |
| 0:04 | Build | House |
| 0:13 | Create | Villager (Male) |
| 0:14 | Create | Villager (Male) |
| 0:14 | Create | Villager (Male) |
| 0:49 | Research | Loom |
| 0:49 | Create | Villager (Male) |
| 0:49 | Create | Villager (Male) |
| 1:58 | Create | Villager (Male) |
| 1:58 | Create | Villager (Male) |
| 2:30 | Create | Villager (Male) |
| 2:30 | Create | Villager (Male) |
| 3:24 | Build | Palisade Wall |
| 3:32 | Build | Palisade Wall |
| 3:38 | Build | Palisade Wall |
| 3:48 | Create | Villager (Male) |
| 3:48 | Create | Villager (Male) |
| 3:48 | Create | Villager (Male) |
| 4:12 | Build | Lumber Camp |
| 4:20 | Build | House |
| 4:21 | Build | House |
| 4:34 | Create | Villager (Male) |
| 4:34 | Create | Villager (Male) |
| 4:54 | Build | Palisade Wall |
| 4:55 | Build | Palisade Wall |
| 4:55 | Build | Palisade Wall |
| 5:04 | Build | Palisade Wall |
| 5:20 | Create | Villager (Male) |
| 5:28 | Create | Villager (Male) |
| 5:58 | Create | Villager (Male) |
| 5:58 | Create | Villager (Male) |
| 6:02 | Build | House |
| 6:33 | Build | Palisade Wall |
| 6:41 | Create | Villager (Male) |
| 6:42 | Create | Villager (Male) |
| 6:42 | Create | Villager (Male) |
| 7:26 | Build | Palisade Wall |
| 7:30 | Build | Palisade Wall |
| 7:49 | Create | Villager (Male) |
| 7:49 | Create | Villager (Male) |
| 7:59 | Build | Mill |
| 8:59 | Build | Palisade Wall |
| 9:03 | Create | Villager (Male) |
| 9:03 | Create | Villager (Male) |
| 9:03 | Create | Villager (Male) |
| 9:14 | Build | Mill |
| 9:22 | Build | House |
| 9:29 | Create | Villager (Male) |
| 10:01 | Build | House |
| 10:03 | Build | House |
| 10:06 | Create | Villager (Male) |
| 10:32 | Build | House |
| 10:33 | Build | House |
| 10:44 | Create | Villager (Male) |
| 10:44 | Create | Villager (Male) |
| 11:15 | Create | Villager (Male) |
| 11:36 | Create | Villager (Male) |
| 12:04 | Build | Mining Camp |
| 12:08 | Research | Feudal Age |
| 12:21 | Build | House |
| 12:22 | Build | House |
| 12:43 | Build | Palisade Wall |
| 12:56 | Create | Villager (Male) |
| 12:57 | Create | Villager (Male) |
| 13:37 | Build | House |
| 14:09 | Build | Palisade Wall |
| 14:18 | Age | Feudal Age |
| 14:27 | Build | Market |
| 14:33 | Build | Blacksmith |
| 14:54 | Build | Stone Wall |
| 14:58 | Build | Stone Wall |
| 14:59 | Build | Stone Wall |
| 15:09 | Build | Stone Wall |
| 15:17 | Research | Castle Age |
| 15:29 | Research | Double-Bit Axe |
| 16:05 | Build | Mining Camp |
| 16:17 | Build | Stone Wall |
| 16:18 | Build | Stone Wall |
| 16:18 | Build | Stone Wall |
| 16:19 | Build | Stone Wall |
| 16:19 | Build | Stone Wall |
| 16:26 | Build | Stone Wall |
| 16:32 | Create | Villager (Male) |
| 16:53 | Build | Mill |
| 17:06 | Build | Mill |
| 17:41 | Create | Villager (Male) |
| 17:57 | Age | Castle Age |
| 18:02 | Build | Town Center |
| 18:18 | Build | Town Center |
| 18:45 | Build | Outpost |
| 18:53 | Create | Villager (Male) |
| 18:53 | Create | Villager (Male) |
| 18:59 | Research | Horse Collar |
| 19:06 | Build | Farm |
| 19:08 | Build | Farm |
| 19:19 | Research | Bow Saw |
| 19:29 | Build | Farm |
| 19:31 | Create | Villager (Male) |
| 19:31 | Create | Villager (Male) |
| 19:31 | Create | Villager (Male) |
| 19:32 | Create | Villager (Male) |
| 19:38 | Build | Farm |
| 19:58 | Build | Lumber Camp |
| 20:09 | Create | Villager (Male) |
| 20:09 | Create | Villager (Male) |
| 20:10 | Create | Villager (Male) |
| 20:10 | Create | Villager (Male) |
| 20:10 | Create | Villager (Male) |
| 20:16 | Build | Farm |
| 20:25 | Build | Farm |
| 20:28 | Build | Farm |
| 20:29 | Create | Villager (Male) |
| 20:29 | Create | Villager (Male) |
| 20:34 | Build | Farm |
| 20:36 | Build | Farm |
| 20:38 | Build | Farm |
| 20:41 | Build | Farm |
| 20:48 | Build | Farm |
| 21:19 | Build | Watch Tower |
| 21:21 | Create | Villager (Male) |
| 21:21 | Create | Villager (Male) |
| 21:29 | Build | Farm |
| 21:31 | Build | Farm |
| 21:36 | Build | Farm |
| 21:38 | Build | Farm |
| 21:39 | Create | Villager (Male) |
| 21:41 | Create | Villager (Male) |
| 21:41 | Create | Villager (Male) |
| 21:44 | Build | Farm |
| 21:47 | Build | Farm |
| 21:47 | Create | Villager (Male) |
| 21:54 | Build | Farm |
| 21:55 | Create | Villager (Male) |
| 21:59 | Build | Farm |
| 22:16 | Research | Fletching |
| 22:23 | Create | Villager (Male) |
| 22:28 | Build | Farm |
| 22:47 | Build | Farm |
| 22:50 | Build | Farm |
| 22:51 | Create | Villager (Male) |
| 22:51 | Create | Villager (Male) |
| 22:51 | Create | Villager (Male) |
| 22:52 | Create | Villager (Male) |
| 22:58 | Build | Farm |
| 23:00 | Build | Farm |
| 23:16 | Create | Villager (Male) |
| 23:16 | Create | Villager (Male) |
| 23:17 | Create | Villager (Male) |
Build order — serkoprime
First 150 of 474 actions detected
| 0:00 | Create | Villager (Male) |
| 0:00 | Create | Villager (Male) |
| 0:01 | Create | Villager (Male) |
| 0:02 | Build | House |
| 0:03 | Build | House |
| 0:13 | Create | Villager (Male) |
| 1:37 | Create | Villager (Male) |
| 2:02 | Create | Villager (Male) |
| 2:11 | Build | Lumber Camp |
| 2:14 | Create | Villager (Male) |
| 2:37 | Create | Villager (Male) |
| 3:09 | Create | Villager (Male) |
| 3:23 | Create | Villager (Male) |
| 3:24 | Build | House |
| 4:06 | Create | Villager (Male) |
| 4:31 | Create | Villager (Male) |
| 4:54 | Build | Dock |
| 4:55 | Create | Villager (Male) |
| 5:25 | Create | Villager (Male) |
| 5:46 | Create | Villager (Male) |
| 6:03 | Build | House |
| 6:03 | Create | Fishing Ship |
| 6:04 | Create | Fishing Ship |
| 6:08 | Create | Villager (Male) |
| 6:08 | Create | Villager (Male) |
| 6:26 | Create | Villager (Male) |
| 6:26 | Create | Villager (Male) |
| 6:29 | Create | Fishing Ship |
| 6:39 | Create | Villager (Male) |
| 6:39 | Create | Villager (Male) |
| 6:52 | Build | House |
| 6:54 | Create | Villager (Male) |
| 7:23 | Create | Fishing Ship |
| 7:31 | Create | Villager (Male) |
| 7:50 | Build | Lumber Camp |
| 7:58 | Create | Villager (Male) |
| 8:02 | Build | House |
| 8:05 | Create | Fishing Ship |
| 8:16 | Research | Loom |
| 8:20 | Create | Villager (Male) |
| 8:33 | Create | Villager (Male) |
| 8:44 | Create | Fishing Ship |
| 9:07 | Create | Villager (Male) |
| 9:15 | Build | Palisade Wall |
| 9:21 | Create | Villager (Male) |
| 9:23 | Create | Fishing Ship |
| 9:27 | Build | Palisade Wall |
| 9:35 | Build | Palisade Wall |
| 9:42 | Create | Villager (Male) |
| 9:48 | Build | Mill |
| 10:01 | Create | Villager (Male) |
| 10:16 | Create | Villager (Male) |
| 10:17 | Create | Fishing Ship |
| 10:19 | Build | House |
| 10:25 | Create | Fishing Ship |
| 10:45 | Create | Villager (Male) |
| 10:52 | Build | Mining Camp |
| 11:15 | Research | Feudal Age |
| 11:15 | Research | Feudal Age |
| 11:29 | Create | Villager (Male) |
| 11:32 | Build | House |
| 11:53 | Create | Villager (Male) |
| 13:26 | Age | Feudal Age |
| 13:26 | Build | Market |
| 13:28 | Build | Blacksmith |
| 13:30 | Research | Tech 906 |
| 13:32 | Build | Fish Trap |
| 13:35 | Build | Fish Trap |
| 13:38 | Build | Fish Trap |
| 13:40 | Build | Fish Trap |
| 13:45 | Research | Double-Bit Axe |
| 14:16 | Research | Castle Age |
| 14:17 | Research | Castle Age |
| 14:35 | Build | Fish Trap |
| 14:51 | Build | Fish Trap |
| 14:54 | Build | Fish Trap |
| 14:54 | Create | Fishing Ship |
| 14:56 | Create | Villager (Male) |
| 15:24 | Build | Lumber Camp |
| 15:47 | Build | Fish Trap |
| 15:47 | Create | Fishing Ship |
| 16:05 | Build | Fish Trap |
| 16:08 | Build | Fish Trap |
| 16:12 | Create | Villager (Male) |
| 16:56 | Age | Castle Age |
| 17:00 | Build | Town Center |
| 17:02 | Build | Town Center |
| 17:08 | Research | Bow Saw |
| 17:08 | Research | Bow Saw |
| 17:22 | Research | Gillnets |
| 17:24 | Create | Villager (Male) |
| 17:46 | Create | Villager (Male) |
| 17:54 | Create | Villager (Male) |
| 17:54 | Create | Villager (Male) |
| 18:08 | Create | Villager (Male) |
| 18:09 | Create | Villager (Male) |
| 18:10 | Create | Villager (Male) |
| 18:11 | Create | Fishing Ship |
| 18:26 | Build | Dock |
| 18:29 | Create | Villager (Male) |
| 18:30 | Create | Villager (Male) |
| 18:32 | Create | Villager (Male) |
| 18:38 | Build | Dock |
| 18:39 | Create | Villager (Male) |
| 18:41 | Create | Fishing Ship |
| 18:52 | Build | Dock |
| 18:54 | Build | Fish Trap |
| 18:56 | Create | Villager (Male) |
| 19:05 | Build | Lumber Camp |
| 19:07 | Create | Villager (Male) |
| 19:08 | Create | Villager (Male) |
| 19:12 | Create | Fishing Ship |
| 19:23 | Build | Dock |
| 19:24 | Create | Villager (Male) |
| 19:33 | Build | Fish Trap |
| 19:37 | Build | House |
| 19:38 | Build | House |
| 19:45 | Create | Fishing Ship |
| 19:50 | Create | Villager (Male) |
| 19:50 | Create | Villager (Male) |
| 19:50 | Create | Villager (Male) |
| 19:52 | Create | Villager (Male) |
| 19:54 | Build | House |
| 19:54 | Build | House |
| 19:54 | Build | House |
| 19:57 | Create | Fishing Ship |
| 20:02 | Create | Fishing Ship |
| 20:04 | Create | Villager (Male) |
| 20:09 | Create | Villager (Male) |
| 20:11 | Create | Fishing Ship |
| 20:13 | Build | Fish Trap |
| 20:18 | Create | Villager (Male) |
| 20:27 | Create | Fishing Ship |
| 20:29 | Build | Fish Trap |
| 20:35 | Build | House |
| 20:35 | Build | House |
| 20:39 | Create | Villager (Male) |
| 20:39 | Create | Villager (Male) |
| 20:39 | Create | Villager (Male) |
| 20:40 | Create | Villager (Male) |
| 20:41 | Create | Fishing Ship |
| 20:46 | Create | Fishing Ship |
| 20:46 | Create | Fishing Ship |
| 20:47 | Create | Villager (Male) |
| 20:53 | Build | Mining Camp |
| 20:56 | Create | Villager (Male) |
| 20:57 | Research | Gold Mining |
| 20:58 | Research | Gold Mining |
| 20:58 | Research | Stone Mining |
| 20:59 | Create | Fishing Ship |
Build order — Wolliwup
First 150 of 369 actions detected
| 0:01 | Create | Villager (Male) |
| 0:01 | Create | Villager (Male) |
| 0:01 | Create | Villager (Male) |
| 0:02 | Build | House |
| 0:03 | Build | House |
| 0:15 | Create | Villager (Male) |
| 0:19 | Research | Loom |
| 0:20 | Create | Villager (Male) |
| 0:20 | Create | Villager (Male) |
| 0:21 | Create | Villager (Male) |
| 1:54 | Create | Villager (Male) |
| 2:23 | Create | Villager (Male) |
| 3:00 | Create | Villager (Male) |
| 3:24 | Create | Villager (Male) |
| 3:33 | Build | Lumber Camp |
| 3:51 | Create | Villager (Male) |
| 4:01 | Build | Palisade Wall |
| 4:20 | Create | Villager (Male) |
| 4:47 | Create | Villager (Male) |
| 4:52 | Build | House |
| 5:14 | Create | Villager (Male) |
| 5:21 | Create | Villager (Male) |
| 6:02 | Create | Villager (Male) |
| 6:02 | Create | Villager (Male) |
| 6:10 | Build | Mill |
| 6:22 | Create | Villager (Male) |
| 6:50 | Create | Villager (Male) |
| 6:52 | Create | Villager (Male) |
| 7:18 | Build | Palisade Wall |
| 7:21 | Create | Villager (Male) |
| 7:24 | Build | House |
| 7:38 | Create | Villager (Male) |
| 7:39 | Create | Villager (Male) |
| 7:57 | Create | Villager (Male) |
| 8:28 | Create | Villager (Male) |
| 9:13 | Create | Villager (Male) |
| 9:13 | Create | Villager (Male) |
| 9:14 | Create | Villager (Male) |
| 9:14 | Create | Villager (Male) |
| 9:26 | Create | Villager (Male) |
| 9:53 | Build | House |
| 10:13 | Research | Feudal Age |
| 11:05 | Build | Mining Camp |
| 11:38 | Build | Farm |
| 12:04 | Build | Farm |
| 12:06 | Create | Villager (Male) |
| 12:23 | Age | Feudal Age |
| 12:29 | Build | Market |
| 12:32 | Build | Blacksmith |
| 13:06 | Create | Villager (Male) |
| 13:40 | Create | Villager (Male) |
| 13:48 | Build | Mining Camp |
| 14:02 | Research | Castle Age |
| 14:20 | Build | Farm |
| 14:23 | Research | Double-Bit Axe |
| 14:37 | Build | House |
| 14:47 | Create | Villager (Male) |
| 14:51 | Research | Horse Collar |
| 15:20 | Build | Farm |
| 15:41 | Create | Villager (Male) |
| 16:04 | Build | Stone Wall |
| 16:07 | Build | Stone Wall |
| 16:15 | Create | Villager (Male) |
| 16:45 | Age | Castle Age |
| 16:49 | Build | Town Center |
| 17:11 | Build | Town Center |
| 17:19 | Build | Farm |
| 17:19 | Build | Farm |
| 17:23 | Create | Villager (Male) |
| 17:33 | Build | Stone Wall |
| 17:35 | Build | Stone Wall |
| 17:38 | Create | Villager (Male) |
| 17:39 | Create | Villager (Male) |
| 17:42 | Build | Farm |
| 17:46 | Create | Villager (Male) |
| 17:58 | Create | Villager (Male) |
| 18:06 | Build | Farm |
| 18:09 | Create | Villager (Male) |
| 18:20 | Create | Villager (Male) |
| 18:29 | Create | Villager (Male) |
| 18:32 | Build | Farm |
| 18:51 | Build | Outpost |
| 18:53 | Create | Villager (Male) |
| 18:58 | Create | Villager (Male) |
| 18:58 | Create | Villager (Male) |
| 19:00 | Build | Farm |
| 19:00 | Build | Farm |
| 19:01 | Build | Farm |
| 19:01 | Build | Farm |
| 19:17 | Build | Building 487 |
| 19:21 | Create | Villager (Male) |
| 19:24 | Build | Farm |
| 19:26 | Build | Farm |
| 19:26 | Build | Farm |
| 19:37 | Create | Villager (Male) |
| 19:37 | Create | Villager (Male) |
| 19:52 | Build | Farm |
| 19:55 | Build | Farm |
| 20:01 | Create | Villager (Male) |
| 20:04 | Create | Villager (Male) |
| 20:11 | Build | House |
| 20:12 | Build | House |
| 20:15 | Build | Farm |
| 20:20 | Create | Villager (Male) |
| 20:21 | Create | Villager (Male) |
| 20:28 | Create | Villager (Male) |
| 20:36 | Create | Villager (Male) |
| 20:39 | Build | Farm |
| 20:48 | Build | House |
| 20:48 | Build | House |
| 20:52 | Build | House |
| 20:55 | Create | Villager (Male) |
| 21:00 | Create | Villager (Male) |
| 21:00 | Create | Villager (Male) |
| 21:00 | Create | Villager (Male) |
| 21:01 | Create | Villager (Male) |
| 21:06 | Build | Farm |
| 21:07 | Build | Farm |
| 21:07 | Build | Farm |
| 21:08 | Create | Villager (Male) |
| 21:12 | Build | Farm |
| 21:21 | Create | Villager (Male) |
| 21:35 | Create | Villager (Male) |
| 21:36 | Create | Villager (Male) |
| 21:38 | Build | Farm |
| 21:49 | Create | Villager (Male) |
| 21:50 | Create | Villager (Male) |
| 21:55 | Create | Villager (Male) |
| 22:03 | Build | Farm |
| 22:05 | Create | Villager (Male) |
| 22:09 | Create | Villager (Male) |
| 22:12 | Build | House |
| 22:12 | Build | House |
| 22:14 | Build | House |
| 22:18 | Create | Villager (Male) |
| 22:32 | Build | Farm |
| 22:33 | Build | Farm |
| 22:33 | Build | Farm |
| 22:33 | Build | Farm |
| 22:36 | Build | Farm |
| 22:39 | Create | Villager (Male) |
| 22:54 | Build | Town Center |
| 22:56 | Create | Villager (Male) |
| 22:56 | Create | Villager (Male) |
| 22:56 | Create | Villager (Male) |
| 23:06 | Build | House |
| 23:06 | Build | House |
| 23:09 | Build | House |
| 23:11 | Create | Villager (Male) |
| 23:11 | Create | Villager (Male) |
Build order — LM | TornardoBriese
First 150 of 386 actions detected
| 0:00 | Create | Villager (Male) |
| 0:01 | Create | Villager (Male) |
| 0:01 | Create | Villager (Male) |
| 0:01 | Create | Villager (Male) |
| 0:03 | Build | House |
| 0:04 | Build | House |
| 0:20 | Research | Loom |
| 0:21 | Create | Villager (Male) |
| 0:21 | Create | Villager (Male) |
| 1:10 | Build | Palisade Wall |
| 1:14 | Build | Palisade Wall |
| 1:15 | Create | Villager (Male) |
| 1:18 | Build | Palisade Wall |
| 1:19 | Build | Palisade Wall |
| 1:22 | Build | Palisade Wall |
| 1:22 | Build | Palisade Wall |
| 1:22 | Build | Palisade Wall |
| 1:23 | Build | Palisade Wall |
| 1:26 | Build | Palisade Wall |
| 1:54 | Create | Villager (Male) |
| 2:30 | Create | Villager (Male) |
| 2:30 | Create | Villager (Male) |
| 2:34 | Build | Lumber Camp |
| 2:51 | Create | Villager (Male) |
| 3:01 | Create | Villager (Male) |
| 3:38 | Create | Villager (Male) |
| 3:55 | Create | Villager (Male) |
| 4:14 | Create | Villager (Male) |
| 4:31 | Build | House |
| 4:32 | Build | House |
| 5:11 | Create | Villager (Male) |
| 5:11 | Create | Villager (Male) |
| 5:12 | Create | Villager (Male) |
| 5:20 | Create | Villager (Male) |
| 5:41 | Build | Mill |
| 5:52 | Create | Villager (Male) |
| 6:42 | Create | Villager (Male) |
| 6:42 | Create | Villager (Male) |
| 7:57 | Build | House |
| 7:59 | Build | House |
| 8:11 | Create | Villager (Male) |
| 8:11 | Create | Villager (Male) |
| 8:23 | Create | Villager (Male) |
| 8:39 | Create | Villager (Male) |
| 8:53 | Create | Villager (Male) |
| 10:32 | Build | Mining Camp |
| 10:35 | Research | Feudal Age |
| 11:01 | Build | Outpost |
| 11:05 | Create | Villager (Male) |
| 11:09 | Create | Villager (Male) |
| 11:19 | Build | Mining Camp |
| 11:19 | Create | Villager (Male) |
| 12:28 | Build | House |
| 12:45 | Age | Feudal Age |
| 12:52 | Build | Market |
| 12:54 | Build | Blacksmith |
| 13:02 | Research | Double-Bit Axe |
| 13:21 | Build | Stone Wall |
| 13:22 | Build | Stone Wall |
| 13:35 | Build | Farm |
| 13:37 | Build | Farm |
| 13:40 | Build | Farm |
| 14:16 | Research | Castle Age |
| 14:26 | Build | Farm |
| 15:36 | Create | Villager (Male) |
| 15:39 | Build | Barracks |
| 15:45 | Research | Scale Mail Armor |
| 15:46 | Research | Forging |
| 15:47 | Create | Villager (Male) |
| 16:42 | Build | Barracks |
| 16:45 | Create | Villager (Male) |
| 16:56 | Age | Castle Age |
| 17:00 | Build | Castle |
| 17:02 | Research | Fletching |
| 17:03 | Create | Villager (Male) |
| 17:26 | Build | Siege Workshop |
| 18:00 | Build | Lumber Camp |
| 18:05 | Create | Villager (Male) |
| 18:16 | Research | Pikeman (upgrade) |
| 18:55 | Create | Villager (Male) |
| 19:17 | Create | Battering Ram |
| 19:17 | Create | Battering Ram |
| 19:34 | Build | Building 487 |
| 19:35 | Create | Villager (Male) |
| 19:53 | Build | Town Center |
| 19:57 | Create | Villager (Male) |
| 20:09 | Create | Spearman |
| 20:44 | Create | Spearman |
| 20:44 | Create | Spearman |
| 20:47 | Build | House |
| 20:48 | Build | House |
| 20:50 | Create | Battering Ram |
| 20:52 | Create | Militia |
| 20:57 | Create | Spearman |
| 20:57 | Create | Spearman |
| 21:08 | Create | Spearman |
| 21:08 | Create | Spearman |
| 21:31 | Build | Farm |
| 21:32 | Build | Farm |
| 21:38 | Build | Farm |
| 21:39 | Build | Farm |
| 21:44 | Create | Villager (Male) |
| 21:46 | Build | Farm |
| 21:49 | Build | Farm |
| 21:53 | Build | Farm |
| 22:05 | Create | Villager (Male) |
| 22:05 | Create | Villager (Male) |
| 22:05 | Create | Villager (Male) |
| 22:11 | Build | Farm |
| 22:23 | Build | House |
| 22:44 | Create | Villager (Male) |
| 22:57 | Research | Bow Saw |
| 23:03 | Build | Farm |
| 23:06 | Build | Farm |
| 23:06 | Create | Villager (Male) |
| 23:11 | Build | Farm |
| 23:32 | Create | Villager (Male) |
| 23:33 | Build | Farm |
| 23:42 | Create | Spearman |
| 23:46 | Build | House |
| 23:47 | Build | House |
| 24:09 | Create | Villager (Male) |
| 24:09 | Create | Villager (Male) |
| 24:22 | Build | Farm |
| 24:23 | Build | Farm |
| 24:25 | Create | Villager (Male) |
| 24:32 | Build | Farm |
| 24:57 | Create | Villager (Male) |
| 24:57 | Create | Villager (Male) |
| 25:06 | Research | Horse Collar |
| 25:15 | Create | Villager (Male) |
| 25:19 | Build | Farm |
| 25:19 | Build | Farm |
| 25:20 | Build | Farm |
| 25:20 | Build | Farm |
| 25:20 | Build | Farm |
| 25:26 | Create | Villager (Male) |
| 25:42 | Create | Villager (Male) |
| 25:54 | Create | Villager (Male) |
| 25:54 | Create | Villager (Male) |
| 25:59 | Build | Farm |
| 26:01 | Build | Farm |
| 26:03 | Build | Farm |
| 26:07 | Create | Villager (Male) |
| 26:16 | Build | Farm |
| 26:16 | Build | Farm |
| 26:16 | Build | Farm |
| 26:17 | Build | Farm |
| 26:19 | Create | Villager (Male) |
| 27:40 | Research | Imperial Age |
Build order — KekB_Perce1992
First 150 of 358 actions detected
| 0:07 | Research | Loom |
| 0:07 | Create | Villager (Male) |
| 0:08 | Create | Villager (Male) |
| 0:08 | Create | Villager (Male) |
| 0:08 | Create | Villager (Male) |
| 0:38 | Build | Palisade Wall |
| 1:55 | Create | Villager (Male) |
| 2:42 | Create | Villager (Male) |
| 2:50 | Build | Palisade Wall |
| 3:06 | Create | Villager (Male) |
| 3:08 | Create | Villager (Male) |
| 3:41 | Create | Villager (Male) |
| 3:53 | Create | Villager (Male) |
| 4:27 | Create | Villager (Male) |
| 5:05 | Create | Villager (Male) |
| 5:29 | Create | Villager (Male) |
| 5:34 | Build | Lumber Camp |
| 5:37 | Create | Villager (Male) |
| 6:15 | Create | Villager (Male) |
| 6:32 | Create | Villager (Male) |
| 7:05 | Create | Villager (Male) |
| 7:09 | Build | Palisade Wall |
| 7:11 | Create | Villager (Male) |
| 7:17 | Build | Palisade Wall |
| 7:43 | Create | Villager (Male) |
| 8:06 | Build | Dock |
| 8:26 | Create | Villager (Male) |
| 8:56 | Create | Villager (Male) |
| 9:00 | Build | Mining Camp |
| 9:04 | Create | Villager (Male) |
| 9:05 | Create | Villager (Male) |
| 9:27 | Create | Fishing Ship |
| 9:27 | Create | Fishing Ship |
| 9:56 | Create | Villager (Male) |
| 9:58 | Build | Mill |
| 10:09 | Research | Feudal Age |
| 10:15 | Create | Fishing Ship |
| 10:15 | Create | Fishing Ship |
| 11:18 | Create | Villager (Male) |
| 11:18 | Create | Villager (Male) |
| 12:11 | Create | Fishing Ship |
| 12:11 | Create | Fishing Ship |
| 12:22 | Age | Feudal Age |
| 12:27 | Build | Market |
| 12:40 | Build | Blacksmith |
| 13:08 | Create | Fishing Ship |
| 13:17 | Research | Castle Age |
| 13:40 | Build | Mining Camp |
| 14:04 | Research | Double-Bit Axe |
| 14:34 | Build | Stone Wall |
| 14:42 | Build | Stone Wall |
| 15:49 | Create | Villager (Male) |
| 15:49 | Create | Villager (Male) |
| 15:57 | Age | Castle Age |
| 16:15 | Build | Dock |
| 16:21 | Create | Villager (Male) |
| 16:24 | Research | Bow Saw |
| 16:42 | Build | Outpost |
| 16:43 | Build | Outpost |
| 16:48 | Build | Outpost |
| 16:50 | Build | Outpost |
| 16:52 | Create | Villager (Male) |
| 16:56 | Research | Town Watch |
| 16:57 | Research | Wheelbarrow |
| 16:59 | Create | Villager (Male) |
| 17:03 | Research | Tech 906 |
| 17:05 | Create | Villager (Male) |
| 18:02 | Build | Stone Wall |
| 18:21 | Create | Villager (Male) |
| 18:32 | Create | Villager (Male) |
| 18:52 | Build | Castle |
| 19:02 | Build | Fish Trap |
| 19:02 | Build | Fish Trap |
| 19:06 | Build | Fish Trap |
| 19:11 | Build | Fish Trap |
| 19:12 | Build | Fish Trap |
| 19:24 | Build | Fish Trap |
| 19:36 | Research | Fletching |
| 19:47 | Create | Villager (Male) |
| 19:53 | Build | Siege Workshop |
| 19:55 | Create | Villager (Male) |
| 20:00 | Create | Fishing Ship |
| 20:15 | Build | Building 487 |
| 20:49 | Build | Fish Trap |
| 20:50 | Create | Fishing Ship |
| 20:50 | Create | Fishing Ship |
| 20:51 | Create | Fishing Ship |
| 20:52 | Create | Villager (Male) |
| 21:08 | Create | Villager (Male) |
| 21:24 | Create | Villager (Male) |
| 21:40 | Build | Fish Trap |
| 21:43 | Build | Fish Trap |
| 21:44 | Create | Fishing Ship |
| 21:44 | Create | Fishing Ship |
| 21:44 | Create | Fishing Ship |
| 21:47 | Create | Villager (Male) |
| 21:59 | Build | Town Center |
| 22:01 | Create | Villager (Male) |
| 22:16 | Build | Fish Trap |
| 22:28 | Create | Villager (Male) |
| 22:41 | Build | Fish Trap |
| 22:44 | Create | Fishing Ship |
| 22:45 | Create | Villager (Male) |
| 22:50 | Create | Mangonel |
| 22:52 | Create | Villager (Male) |
| 23:00 | Build | Fish Trap |
| 23:09 | Build | Fish Trap |
| 23:15 | Create | Villager (Male) |
| 23:40 | Create | Villager (Male) |
| 23:40 | Create | Villager (Male) |
| 23:46 | Build | Fish Trap |
| 23:48 | Create | Fishing Ship |
| 23:49 | Create | Fishing Ship |
| 23:56 | Create | Villager (Male) |
| 24:11 | Build | Town Center |
| 24:28 | Research | Gillnets |
| 24:33 | Build | Fish Trap |
| 24:35 | Build | Fish Trap |
| 24:36 | Create | Villager (Male) |
| 24:37 | Create | Fishing Ship |
| 24:53 | Build | Barracks |
| 24:56 | Create | Villager (Male) |
| 25:10 | Create | Fishing Ship |
| 25:12 | Create | Villager (Male) |
| 25:12 | Create | Villager (Male) |
| 25:13 | Create | Fishing Ship |
| 25:15 | Create | Villager (Male) |
| 25:25 | Build | Fish Trap |
| 25:28 | Create | Fishing Ship |
| 25:28 | Create | Fishing Ship |
| 25:33 | Build | Dock |
| 25:35 | Create | Villager (Male) |
| 25:35 | Create | Villager (Male) |
| 25:36 | Create | Villager (Male) |
| 25:49 | Build | Stable |
| 25:50 | Create | Villager (Male) |
| 25:57 | Build | Fish Trap |
| 26:01 | Build | Fish Trap |
| 26:04 | Create | Fishing Ship |
| 26:04 | Create | Fishing Ship |
| 26:17 | Create | Villager (Male) |
| 26:17 | Create | Villager (Male) |
| 26:18 | Create | Villager (Male) |
| 26:37 | Research | Imperial Age |
| 26:40 | Build | Fish Trap |
| 26:44 | Build | Fish Trap |
| 26:45 | Create | Fishing Ship |
| 26:45 | Create | Fishing Ship |
| 26:46 | Create | Fishing Ship |
| 26:52 | Create | Villager (Male) |
Build order — Lynx
First 150 of 321 actions detected
| 0:01 | Create | Villager (Male) |
| 0:01 | Create | Villager (Male) |
| 0:02 | Create | Villager (Male) |
| 0:03 | Build | House |
| 0:04 | Build | House |
| 0:09 | Create | Villager (Male) |
| 1:25 | Create | Villager (Male) |
| 1:47 | Build | Lumber Camp |
| 1:53 | Create | Villager (Male) |
| 2:02 | Build | Lumber Camp |
| 2:38 | Create | Villager (Male) |
| 2:55 | Create | Villager (Male) |
| 3:15 | Create | Villager (Male) |
| 3:25 | Build | House |
| 3:45 | Create | Villager (Male) |
| 4:06 | Create | Villager (Male) |
| 4:45 | Create | Villager (Male) |
| 4:46 | Create | Villager (Male) |
| 5:23 | Create | Villager (Male) |
| 5:23 | Create | Villager (Male) |
| 5:33 | Create | Villager (Male) |
| 5:49 | Create | Villager (Male) |
| 6:23 | Build | House |
| 6:35 | Build | Mill |
| 7:11 | Create | Villager (Male) |
| 7:42 | Create | Villager (Male) |
| 7:42 | Create | Villager (Male) |
| 8:16 | Build | Mining Camp |
| 8:30 | Create | Villager (Male) |
| 9:00 | Research | Feudal Age |
| 9:30 | Build | House |
| 9:43 | Create | Villager (Male) |
| 9:54 | Build | House |
| 9:57 | Build | House |
| 10:08 | Create | Villager (Male) |
| 10:08 | Create | Villager (Male) |
| 10:24 | Build | Farm |
| 11:10 | Age | Feudal Age |
| 11:13 | Build | Farm |
| 11:14 | Build | Farm |
| 11:16 | Build | Farm |
| 11:18 | Build | Farm |
| 11:25 | Build | Market |
| 11:29 | Build | Blacksmith |
| 12:23 | Build | Farm |
| 12:30 | Create | Villager (Male) |
| 12:47 | Build | Farm |
| 12:58 | Build | Farm |
| 13:06 | Research | Castle Age |
| 13:32 | Build | Lumber Camp |
| 14:00 | Create | Villager (Male) |
| 14:01 | Create | Villager (Male) |
| 14:03 | Research | Double-Bit Axe |
| 14:36 | Build | House |
| 15:28 | Research | Horse Collar |
| 15:46 | Age | Castle Age |
| 15:59 | Build | Town Center |
| 16:12 | Build | Town Center |
| 16:22 | Build | Town Center |
| 16:25 | Create | Villager (Male) |
| 16:25 | Create | Villager (Male) |
| 16:59 | Create | Villager (Male) |
| 17:14 | Build | House |
| 17:15 | Build | House |
| 17:15 | Build | House |
| 17:16 | Build | House |
| 17:22 | Research | Loom |
| 17:23 | Create | Villager (Male) ×5 |
| 17:24 | Create | Villager (Male) ×4 |
| 17:36 | Build | Farm |
| 17:37 | Create | Villager (Male) |
| 17:52 | Build | Farm |
| 17:53 | Create | Villager (Male) |
| 18:09 | Create | Villager (Male) |
| 18:12 | Build | Farm |
| 18:22 | Build | Farm |
| 18:24 | Build | Farm |
| 18:25 | Create | Villager (Male) |
| 18:30 | Create | Villager (Male) ×5 |
| 18:37 | Build | Farm |
| 18:39 | Create | Villager (Male) |
| 18:49 | Create | Villager (Male) |
| 18:57 | Build | Farm |
| 18:59 | Build | Farm |
| 19:06 | Build | Farm |
| 19:09 | Build | Farm |
| 19:10 | Create | Villager (Male) |
| 19:10 | Create | Villager (Male) |
| 19:19 | Build | House |
| 19:22 | Build | House |
| 19:22 | Build | House |
| 19:28 | Create | Villager (Male) ×2 |
| 19:32 | Build | Farm |
| 19:38 | Create | Villager (Male) |
| 19:47 | Create | Villager (Male) |
| 19:57 | Build | Mining Camp |
| 19:59 | Create | Villager (Male) |
| 19:59 | Create | Villager (Male) |
| 20:04 | Build | Farm |
| 20:04 | Create | Villager (Male) |
| 20:10 | Build | Farm |
| 20:11 | Build | Farm |
| 20:15 | Create | Villager (Male) |
| 20:20 | Create | Villager (Male) |
| 20:30 | Create | Villager (Male) |
| 20:36 | Create | Villager (Male) |
| 20:42 | Build | Monastery |
| 20:45 | Build | House |
| 20:45 | Build | House |
| 20:46 | Create | Villager (Male) |
| 20:50 | Create | Villager (Male) |
| 20:50 | Create | Villager (Male) |
| 20:59 | Create | Villager (Male) |
| 20:59 | Create | Villager (Male) |
| 21:08 | Create | Villager (Male) |
| 21:12 | Create | Villager (Male) |
| 21:27 | Build | Siege Workshop |
| 21:29 | Create | Villager (Male) ×2 |
| 21:34 | Create | Monk |
| 21:42 | Create | Villager (Male) ×2 |
| 21:44 | Create | Villager (Male) |
| 21:50 | Build | House |
| 21:50 | Build | House |
| 21:55 | Create | Villager (Male) |
| 22:02 | Build | House |
| 22:03 | Build | House |
| 22:03 | Build | House |
| 22:04 | Build | House |
| 22:05 | Build | House |
| 22:05 | Build | House |
| 22:07 | Build | House |
| 22:09 | Create | Villager (Male) |
| 22:09 | Create | Villager (Male) |
| 22:13 | Create | Villager (Male) |
| 22:13 | Create | Villager (Male) |
| 22:25 | Create | Villager (Male) |
| 22:25 | Create | Villager (Male) |
| 22:30 | Build | House |
| 22:37 | Build | Farm |
| 22:39 | Build | Farm |
| 22:41 | Build | Farm |
| 22:43 | Build | Farm |
| 22:45 | Create | Villager (Male) ×2 |
| 22:48 | Build | Farm |
| 22:50 | Build | Farm |
| 22:53 | Build | Farm |
| 22:56 | Build | Farm |
| 22:57 | Create | Villager (Male) ×2 |
| 23:07 | Build | Town Center |
| 23:10 | Create | Villager (Male) |
Build order — LM | MaisterNippon
First 150 of 538 actions detected
| 0:00 | Create | Villager (Male) |
| 0:01 | Create | Villager (Male) |
| 0:01 | Create | Villager (Male) |
| 0:01 | Create | Villager (Male) |
| 0:02 | Build | House |
| 0:03 | Build | House |
| 1:22 | Create | Villager (Male) |
| 1:32 | Create | Villager (Male) |
| 2:09 | Create | Villager (Male) |
| 2:25 | Build | Lumber Camp |
| 2:30 | Create | Villager (Male) |
| 3:01 | Create | Villager (Male) |
| 3:18 | Create | Villager (Male) |
| 3:52 | Build | House |
| 3:53 | Build | House |
| 3:59 | Create | Villager (Male) |
| 4:30 | Create | Villager (Male) |
| 4:30 | Create | Villager (Male) |
| 4:56 | Create | Villager (Male) |
| 5:12 | Create | Villager (Male) |
| 5:25 | Build | Dock |
| 5:36 | Create | Villager (Male) |
| 6:03 | Create | Villager (Male) |
| 6:15 | Create | Fishing Ship |
| 6:17 | Build | House |
| 6:18 | Build | House |
| 6:25 | Create | Villager (Male) |
| 6:47 | Build | Mill |
| 6:47 | Create | Villager (Male) |
| 7:00 | Create | Fishing Ship |
| 7:25 | Create | Fishing Ship |
| 7:29 | Create | Villager (Male) |
| 7:30 | Create | Villager (Male) |
| 7:30 | Create | Villager (Male) |
| 7:51 | Build | Mining Camp |
| 8:24 | Create | Villager (Male) |
| 8:27 | Create | Fishing Ship |
| 9:04 | Create | Villager (Male) |
| 9:16 | Research | Feudal Age |
| 9:36 | Create | Fishing Ship |
| 10:02 | Create | Villager (Male) |
| 10:02 | Create | Villager (Male) |
| 10:17 | Create | Fishing Ship |
| 10:29 | Build | House |
| 11:08 | Create | Fishing Ship |
| 11:26 | Age | Feudal Age |
| 11:37 | Build | Market |
| 11:38 | Build | Blacksmith |
| 12:08 | Build | Lumber Camp |
| 12:22 | Research | Castle Age |
| 12:23 | Research | Castle Age |
| 12:49 | Research | Tech 906 |
| 12:54 | Research | Double-Bit Axe |
| 13:27 | Create | Fishing Ship |
| 13:46 | Build | Fish Trap |
| 13:54 | Build | Fish Trap |
| 14:03 | Create | Villager (Male) |
| 14:15 | Build | Fish Trap |
| 14:20 | Build | House |
| 14:39 | Create | Villager (Male) |
| 14:40 | Create | Fishing Ship |
| 14:53 | Build | House |
| 15:02 | Age | Castle Age |
| 15:09 | Build | Town Center |
| 15:13 | Create | Villager (Male) |
| 15:23 | Create | Villager (Male) |
| 15:28 | Create | Fishing Ship |
| 15:37 | Build | Fish Trap |
| 15:41 | Research | Bow Saw |
| 15:42 | Create | Villager (Male) |
| 16:01 | Build | Monastery |
| 16:02 | Create | Villager (Male) |
| 16:08 | Create | Villager (Male) |
| 16:20 | Create | Villager (Male) |
| 16:23 | Create | Villager (Male) |
| 16:30 | Build | Fish Trap |
| 16:31 | Build | Fish Trap |
| 16:32 | Create | Villager (Male) |
| 16:45 | Build | Dock |
| 16:46 | Create | Villager (Male) |
| 16:56 | Create | Fishing Ship |
| 17:18 | Build | Fish Trap |
| 17:21 | Build | Fish Trap |
| 17:21 | Build | Fish Trap |
| 17:23 | Create | Villager (Male) |
| 17:26 | Create | Fishing Ship |
| 17:28 | Build | House |
| 17:36 | Build | Fish Trap |
| 17:36 | Create | Villager (Male) |
| 17:42 | Build | Fish Trap |
| 17:53 | Build | House |
| 17:59 | Build | Dock |
| 18:04 | Create | Fishing Ship |
| 18:04 | Create | Fishing Ship |
| 18:05 | Create | Villager (Male) |
| 18:09 | Create | Villager (Male) |
| 18:16 | Build | Fish Trap |
| 18:18 | Build | House |
| 18:23 | Create | Monk |
| 18:34 | Create | Villager (Male) |
| 18:36 | Build | House |
| 18:39 | Create | Fishing Ship |
| 18:39 | Create | Fishing Ship |
| 18:41 | Build | House |
| 18:48 | Build | Town Center |
| 18:58 | Build | Fish Trap |
| 19:00 | Build | Fish Trap |
| 19:01 | Create | Villager (Male) |
| 19:07 | Build | Mining Camp |
| 19:12 | Create | Villager (Male) |
| 19:12 | Create | Villager (Male) |
| 19:18 | Build | Mining Camp |
| 19:19 | Create | Villager (Male) |
| 19:21 | Create | Fishing Ship |
| 19:22 | Create | Fishing Ship |
| 19:26 | Build | Fish Trap |
| 19:33 | Build | Fish Trap |
| 19:41 | Research | Gillnets |
| 19:41 | Create | Villager (Male) |
| 19:47 | Create | Villager (Male) |
| 19:50 | Build | House |
| 19:53 | Build | House |
| 19:54 | Build | House |
| 19:59 | Create | Monk |
| 20:09 | Create | Fishing Ship |
| 20:09 | Create | Fishing Ship |
| 20:14 | Build | Fish Trap |
| 20:25 | Build | Fish Trap |
| 20:30 | Create | Villager (Male) |
| 20:30 | Create | Villager (Male) |
| 20:30 | Create | Villager (Male) |
| 20:31 | Create | Villager (Male) |
| 20:32 | Create | Fishing Ship |
| 20:39 | Build | Dock |
| 20:41 | Create | Villager (Male) |
| 20:45 | Create | Villager (Male) |
| 20:47 | Build | House |
| 20:48 | Build | House |
| 20:49 | Build | House |
| 20:57 | Build | Fish Trap |
| 21:01 | Build | Fish Trap |
| 21:03 | Build | House |
| 21:12 | Create | Villager (Male) |
| 21:12 | Create | Villager (Male) |
| 21:12 | Create | Villager (Male) |
| 21:15 | Research | Gold Mining |
| 21:23 | Build | Fish Trap |
| 21:24 | Create | Fishing Ship |
| 21:24 | Create | Fishing Ship |
| 21:24 | Create | Fishing Ship |
Match timeline
| 0:38 | KekB_Perce1992 · wall_segment Palisade Wall x8 |
| 1:10 | LM | TornardoBriese · wall_segment Palisade Wall x1 |
| 1:14 | LM | TornardoBriese · wall_segment Palisade Wall x1 |
| 1:18 | LM | TornardoBriese · wall_segment Palisade Wall x1 |
| 1:19 | LM | TornardoBriese · wall_segment Palisade Wall x1 |
| 1:22 | LM | TornardoBriese · wall_segment Palisade Wall x1 |
| 1:22 | LM | TornardoBriese · wall_segment Palisade Wall x1 |
| 1:22 | LM | TornardoBriese · wall_segment Palisade Wall x1 |
| 1:23 | LM | TornardoBriese · wall_segment Palisade Wall x1 |
| 1:26 | LM | TornardoBriese · wall_segment Palisade Wall x1 |
| 1:29 | RenLo · wall_segment Palisade Wall x7 |
| 2:12 | RenLo · wall_segment Palisade Wall x6 |
| 2:50 | KekB_Perce1992 · wall_segment Palisade Wall x6 |
| 3:24 | KeremS · wall_segment Palisade Wall x9 |
| 3:32 | KeremS · wall_segment Palisade Wall x1 |
| 3:38 | KeremS · wall_segment Palisade Wall x1 |
| 3:57 | RenLo · wall_segment Palisade Wall x6 |
| 4:01 | Wolliwup · wall_segment Palisade Wall x10 |
| 4:54 | serkoprime · first_building Dock |
| 4:54 | KeremS · wall_segment Palisade Wall x1 |
| 4:55 | KeremS · wall_segment Palisade Wall x1 |
| 4:55 | KeremS · wall_segment Palisade Wall x1 |
| 5:04 | KeremS · wall_segment Palisade Wall x11 |
| 5:25 | LM | MaisterNippon · first_building Dock |
| 6:33 | KeremS · wall_segment Palisade Wall x8 |
| 7:09 | KekB_Perce1992 · wall_segment Palisade Wall x8 |
| 7:17 | KekB_Perce1992 · wall_segment Palisade Wall x1 |
| 7:18 | Wolliwup · wall_segment Palisade Wall x1 |
| 7:26 | KeremS · wall_segment Palisade Wall x1 |
| 7:30 | KeremS · wall_segment Palisade Wall x1 |
| 8:06 | KekB_Perce1992 · first_building Dock |
| 8:59 | KeremS · wall_segment Palisade Wall x1 |
| 9:15 | serkoprime · wall_segment Palisade Wall x2 |
| 9:27 | serkoprime · wall_segment Palisade Wall x1 |
| 9:35 | serkoprime · wall_segment Palisade Wall x1 |
| 11:10 | Lynx · age_up feudal |
| 11:26 | LM | MaisterNippon · age_up feudal |
| 11:47 | RenLo · age_up feudal |
| 12:22 | KekB_Perce1992 · age_up feudal |
| 12:23 | Wolliwup · age_up feudal |
| 12:43 | KeremS · wall_segment Palisade Wall x1 |
| 12:45 | LM | TornardoBriese · age_up feudal |
| 13:21 | LM | TornardoBriese · wall_segment Stone Wall x11 |
| 13:22 | LM | TornardoBriese · wall_segment Stone Wall x2 |
| 13:26 | serkoprime · age_up feudal |
| 14:09 | KeremS · wall_segment Palisade Wall x1 |
| 14:16 | RenLo · first_market_sell 100 food |
| 14:18 | KeremS · age_up feudal |
| 14:34 | KekB_Perce1992 · wall_segment Stone Wall x9 |
| 14:42 | KekB_Perce1992 · wall_segment Stone Wall x7 |
| 14:54 | KeremS · wall_segment Stone Wall x6 |
| 14:58 | KeremS · wall_segment Stone Wall x3 |
| 14:59 | KeremS · wall_segment Stone Wall x3 |
| 15:02 | LM | MaisterNippon · age_up castle |
| 15:09 | KeremS · wall_segment Stone Wall x6 |
| 15:39 | LM | TornardoBriese · first_building Barracks |
| 15:46 | Lynx · age_up castle |
| 15:57 | KekB_Perce1992 · age_up castle |
| 16:01 | LM | MaisterNippon · first_building Monastery |
| 16:04 | Wolliwup · wall_segment Stone Wall x10 |
| 16:05 | Lynx · first_market_buy 100 stone |
| 16:07 | Wolliwup · wall_segment Stone Wall x4 |
| 16:17 | KeremS · wall_segment Stone Wall x1 |
| 16:18 | KeremS · wall_segment Stone Wall x1 |
| 16:18 | KeremS · wall_segment Stone Wall x1 |
| 16:19 | KeremS · wall_segment Stone Wall x1 |
| 16:19 | KeremS · wall_segment Stone Wall x1 |
| 16:26 | KeremS · wall_segment Stone Wall x7 |
| 16:42 | LM | MaisterNippon · first_market_buy 100 wood |
| 16:45 | Wolliwup · age_up castle |
| 16:47 | RenLo · first_building Barracks |
| 16:56 | LM | TornardoBriese · age_up castle |
| 16:56 | serkoprime · age_up castle |
| 17:00 | Wolliwup · first_market_sell 100 stone |
| 17:00 | LM | TornardoBriese · first_building Castle |
| 17:00 | RenLo · age_up castle |
| 17:01 | Wolliwup · first_market_buy 100 wood |
| 17:22 | serkoprime · first_market_buy 100 wood |
| 17:26 | LM | TornardoBriese · first_building Siege Workshop |
| 17:33 | Wolliwup · wall_segment Stone Wall x8 |
| 17:35 | Wolliwup · wall_segment Stone Wall x10 |
| 17:36 | RenLo · wall_segment Stone Wall x2 |
| 17:38 | RenLo · wall_segment Stone Wall x7 |
| 17:57 | KeremS · age_up castle |
| 17:59 | RenLo · first_market_buy 100 wood |
| 18:02 | KekB_Perce1992 · wall_segment Stone Wall x8 |
| 18:05 | RenLo · first_building Archery Range |
| 18:33 | KekB_Perce1992 · first_market_sell 500 wood |
| 18:35 | KekB_Perce1992 · first_market_buy 100 stone |
| 18:52 | KekB_Perce1992 · first_building Castle |
| 19:14 | LM | TornardoBriese · first_market_sell 100 food |
| 19:30 | RenLo · wall_segment Stone Wall x8 |
| 19:53 | KekB_Perce1992 · first_building Siege Workshop |
| 20:42 | Lynx · first_building Monastery |
| 20:47 | RenLo · first_building Siege Workshop |
| 21:26 | RenLo · wall_segment Stone Wall x10 |
| 21:27 | Lynx · first_building Siege Workshop |
| 22:04 | LM | TornardoBriese · first_market_buy 100 food |
| 22:13 | LM | MaisterNippon · first_building Siege Workshop |
| 22:58 | RenLo · first_building Castle |
| 23:15 | serkoprime · first_building Monastery |
| 23:44 | Lynx · first_building Barracks |
| 23:57 | LM | MaisterNippon · first_building Castle |
| 24:41 | Lynx · first_building Archery Range |
| 24:53 | KekB_Perce1992 · first_building Barracks |
| 25:34 | KeremS · wall_segment Stone Wall x8 |
| 25:40 | KeremS · wall_segment Stone Wall x1 |
| 25:41 | KeremS · wall_segment Stone Wall x1 |
| 25:42 | KeremS · wall_segment Stone Wall x1 |
| 25:45 | KeremS · wall_segment Stone Wall x1 |
| 25:48 | Wolliwup · first_building Monastery |
| 25:49 | KekB_Perce1992 · first_building Stable |
| 25:55 | serkoprime · first_building Castle |
| 26:43 | KeremS · wall_segment Stone Wall x1 |
| 26:44 | KeremS · wall_segment Stone Wall x1 |
| 26:46 | KeremS · wall_segment Stone Wall x1 |
| 26:49 | KeremS · wall_segment Stone Wall x1 |
| 27:15 | serkoprime · first_building Siege Workshop |
| 27:21 | serkoprime · age_up imperial |
| 27:42 | KeremS · wall_segment Stone Wall x1 |
| 27:42 | KeremS · wall_segment Stone Wall x1 |
| 27:53 | LM | TornardoBriese · first_building Stable |
| 27:54 | Wolliwup · first_building Barracks |
| 28:03 | serkoprime · first_building Barracks |
| 28:16 | Lynx · first_market_sell 500 wood |
| 28:24 | serkoprime · first_building Archery Range |
| 28:47 | Wolliwup · first_building Stable |
| 28:53 | LM | MaisterNippon · age_up imperial |
| 29:08 | serkoprime · first_market_sell 100 stone |
| 29:31 | KeremS · first_building Castle |
| 29:38 | KeremS · wall_segment Stone Wall x6 |
| 29:40 | KeremS · wall_segment Stone Wall x5 |
| 29:41 | KeremS · wall_segment Stone Wall x1 |
| 29:48 | RenLo · wall_segment Stone Wall x6 |
| 29:58 | KekB_Perce1992 · age_up imperial |
| 30:06 | Lynx · first_building Stable |
| 30:31 | Wolliwup · wall_segment Stone Wall x15 |
| 30:31 | Wolliwup · wall_segment Stone Wall x5 |
| 30:43 | Wolliwup · age_up imperial |
| 30:50 | LM | TornardoBriese · age_up imperial |
| 31:06 | KeremS · wall_segment Stone Wall x1 |
| 31:09 | KeremS · wall_segment Stone Wall x21 |
| 31:20 | KeremS · wall_segment Stone Wall x1 |
| 31:33 | KeremS · wall_segment Stone Wall x7 |
| 31:42 | Lynx · age_up imperial |
| 31:46 | KeremS · first_market_sell 100 food |
| 32:39 | KeremS · wall_segment Stone Wall x4 |
| 32:47 | KeremS · wall_segment Stone Wall x4 |
| 32:53 | KeremS · wall_segment Stone Wall x4 |
| 33:45 | KeremS · wall_segment Stone Wall x1 |
| 34:16 | LM | TornardoBriese · wall_segment Stone Wall x5 |
| 34:23 | LM | TornardoBriese · wall_segment Stone Wall x4 |
| 34:56 | LM | TornardoBriese · wall_segment Stone Wall x8 |
| 34:59 | KeremS · wall_segment Stone Wall x1 |
| 35:00 | KeremS · wall_segment Stone Wall x1 |
| 35:04 | KeremS · wall_segment Stone Wall x1 |
| 35:10 | KeremS · wall_segment Stone Wall x1 |
| 35:12 | KeremS · wall_segment Stone Wall x1 |
| 35:16 | RenLo · age_up imperial |
| 35:18 | KeremS · age_up imperial |
| 35:27 | Wolliwup · first_building Castle |
| 35:54 | LM | MaisterNippon · first_market_sell 500 wood |
| 36:31 | serkoprime · tribute_sent a jugador 1 |
| 36:31 | serkoprime · tribute_sent a jugador 3 |
| 36:31 | serkoprime · tribute_sent a jugador 4 |
| 36:31 | serkoprime · tribute_sent a jugador 5 |
| 36:31 | serkoprime · tribute_sent a jugador 6 |
| 36:31 | serkoprime · tribute_sent a jugador 7 |
| 36:31 | serkoprime · tribute_sent a jugador 8 |
| 36:37 | serkoprime · tribute_sent a jugador 1 |
| 36:37 | serkoprime · tribute_sent a jugador 3 |
| 36:37 | serkoprime · tribute_sent a jugador 4 |
| 36:37 | serkoprime · tribute_sent a jugador 5 |
| 36:37 | serkoprime · tribute_sent a jugador 6 |
| 36:37 | serkoprime · tribute_sent a jugador 7 |
| 36:37 | serkoprime · tribute_sent a jugador 8 |
| 36:58 | Wolliwup · first_building Siege Workshop |
| 36:59 | LM | TornardoBriese · wall_segment Stone Wall x1 |
| 37:20 | KeremS · wall_segment Stone Wall x1 |
| 37:22 | KeremS · wall_segment Stone Wall x1 |
| 37:35 | Lynx · first_building Castle |
| 38:13 | LM | TornardoBriese · wall_segment Stone Wall x11 |
| 38:13 | serkoprime · tribute_sent a jugador 1 |
| 38:13 | serkoprime · tribute_sent a jugador 3 |
| 38:13 | serkoprime · tribute_sent a jugador 4 |
| 38:13 | serkoprime · tribute_sent a jugador 5 |
| 38:13 | serkoprime · tribute_sent a jugador 6 |
| 38:13 | serkoprime · tribute_sent a jugador 7 |
| 38:13 | serkoprime · tribute_sent a jugador 8 |
| 38:32 | LM | TornardoBriese · wall_segment Stone Wall x11 |
| 39:21 | KeremS · wall_segment Stone Wall x4 |
| 39:22 | KeremS · wall_segment Stone Wall x6 |
| 39:28 | KeremS · wall_segment Stone Wall x5 |
| 39:35 | KeremS · wall_segment Stone Wall x1 |
| 39:36 | KeremS · wall_segment Stone Wall x1 |
| 39:37 | KeremS · wall_segment Stone Wall x1 |
| 39:38 | KeremS · wall_segment Stone Wall x1 |
| 39:39 | KeremS · wall_segment Stone Wall x1 |
| 39:42 | KeremS · wall_segment Stone Wall x7 |
| 39:43 | KeremS · wall_segment Stone Wall x1 |
| 39:45 | KeremS · wall_segment Stone Wall x3 |
| 39:50 | KeremS · wall_segment Stone Wall x5 |
| 39:55 | KeremS · wall_segment Stone Wall x14 |
| 40:19 | LM | TornardoBriese · wall_segment Stone Wall x3 |
| 40:28 | KeremS · first_building Barracks |
| 41:45 | RenLo · wall_segment Stone Wall x7 |
| 42:16 | RenLo · wall_segment Stone Wall x2 |
| 42:17 | RenLo · wall_segment Stone Wall x3 |
| 42:50 | KeremS · first_market_buy 100 stone |
| 43:42 | LM | MaisterNippon · tribute_sent a jugador 1 |
| 43:42 | LM | MaisterNippon · tribute_sent a jugador 2 |
| 43:42 | LM | MaisterNippon · tribute_sent a jugador 3 |
| 43:42 | LM | MaisterNippon · tribute_sent a jugador 4 |
| 43:42 | LM | MaisterNippon · tribute_sent a jugador 5 |
| 43:42 | LM | MaisterNippon · tribute_sent a jugador 6 |
| 43:42 | LM | MaisterNippon · tribute_sent a jugador 7 |
| 44:36 | RenLo · wall_segment Stone Wall x7 |
| 44:39 | serkoprime · tribute_sent a jugador 1 |
| 44:39 | serkoprime · tribute_sent a jugador 3 |
| 44:39 | serkoprime · tribute_sent a jugador 4 |
| 44:39 | serkoprime · tribute_sent a jugador 5 |
| 44:39 | serkoprime · tribute_sent a jugador 6 |
| 44:39 | serkoprime · tribute_sent a jugador 7 |
| 44:39 | serkoprime · tribute_sent a jugador 8 |
| 44:45 | Wolliwup · wall_segment Stone Wall x1 |
| 44:46 | Wolliwup · wall_segment Stone Wall x1 |
| 45:36 | KeremS · wall_segment Stone Wall x1 |
| 45:41 | KeremS · wall_segment Stone Wall x3 |
| 45:47 | KeremS · wall_segment Stone Wall x4 |
| 45:49 | KeremS · wall_segment Stone Wall x8 |
| 46:37 | LM | MaisterNippon · wall_segment Stone Wall x6 |
| 47:12 | LM | MaisterNippon · wall_segment Stone Wall x10 |
| 47:20 | LM | MaisterNippon · wall_segment Stone Wall x5 |
| 47:37 | LM | MaisterNippon · wall_segment Stone Wall x1 |
| 47:38 | LM | MaisterNippon · wall_segment Stone Wall x1 |
| 47:42 | LM | MaisterNippon · wall_segment Stone Wall x1 |
| 48:35 | LM | MaisterNippon · resign |
[ AI ANALYSIS · 1 CREDIT ]
What really happened in this match?
Wolo.gg analyzes every decision: build order, eco, micro, common mistakes by bracket. Personalized analysis on WhatsApp or Discord in 30 seconds.
Civ guide
Jurchens
Perfil
LM | RenLo